cohdb
Replays
Latest Replays
All Replays
Popular Replays
Top Player Replays
Match Explorer
How It Works
Community
CoH3 Stats
Reddit
Sign in to upload your games and track your stats! →
Sign in with Steam
Match 42825737
Unlisted
Match 42825737
Overview
Messages
Build Orders
End
Construct Infanterie Kompanie
Selects Italian Coastal Battlegroup
Selects Italian Coastal Battlegroup
Selects Coastal Reserves
Coastal Reserve
MG 42 Machine Gun Team
MG 42 Machine Gun Team
Construct Luftwaffe Kompanie
MG 42 Bunker
221 Scout Car
MG 42 Bunker
Selects Support Bunkers
Pioneer Squad
Sniper
Selects Rapid Fortifications
Sniper
Medical Station
Construct Panzer Kompanie
Stoßtruppen Squad
Panzer IV Medium Tank
Selects Bulwark
Panzer IV Medium Tank
Selects Artillery Officer
Selects Coastal Wall
Side Skirts
Sniper
Panzer Officer Quarters
Pioneer Squad
Panzer IV Medium Tank
Panzer IV Medium Tank
ConcernedApe
YourMom'sPiesSoHotRightNow
Ambro
Kiribati
0
0
Comments
sign in to comment!
No comments posted yet!